 Dungeon Crawl Stone Soup version 0.30.1-11-g7821555f0a (webtiles) character file.

Game seed: 2807694842889752636

975 Peloso the Slasher (level 7, -2/61 HPs)
             Began as a Minotaur Fighter on Jan 6, 2024.
             Slain by a gnoll
             ... wielding a +0 whip
             ... led by a gnoll bouda
              (5 damage)
             ... on level 5 of the Dungeon.
             The game lasted 00:06:12 (3626 turns).

Peloso the Slasher (Minotaur Fighter)               Turns: 3626, Time: 00:06:12

Health: -2/61      AC: 11    Str: 20    XL:     7   Next: 95%
Magic:  6/6        EV: 10    Int:  5    God:
Gold:   444        SH:  5    Dex: 12    Spells: 6/6 levels left

rFire   + + .        a - +0 long sword
rCold   + . .        c - +0 buckler
rNeg    . . .        i - +0 scale mail "Xuatahos" {-Cast rF+ Will+ Regen+}
rPois   +            (helmet restricted)
rElec   +            (no cloak)
rCorr   +            (no gloves)
SInv    .            g - +2 pair of boots
Will    +....        (no amulet) Stlth
                     (no ring)
HPRegen 1.10/turn    (no ring)
MPRegen 0.10/turn

%: no spellcasting
@: about to teleport, resistant, weakened
A: horns 2, retaliatory headbutt
a: no special abilities


You were on level 5 of the Dungeon.
You visited 1 branch of the dungeon, and saw 5 of its levels.

You collected 444 gold pieces.

Inventory:

Hand Weapons
 a - a +0 long sword (weapon)
Armour
 b - a +1 scale mail
 c - a +0 buckler (worn)
 g - a +2 pair of boots (worn)
 i - the +0 scale mail "Xuatahos" (worn) {-Cast rF+ Will+ Regen+}
   (You found it on level 4 of the Dungeon)

   rF:        It protects you from fire.
   -Cast:     It prevents spellcasting.
   Regen:     It increases your rate of health regeneration.
   Will:      It increases your willpower.
Jewellery
 l - a ring of flight
 o - the ring "Ynomilits" {Ice Int+3}
   (You found it on level 3 of the Dungeon)

   [ring of ice]

   It enhances your ice magic.
   Int:       It affects your intelligence (+3).
   rF:        It makes you vulnerable to fire.
   rC:        It protects you from cold.
Wands
 m - a wand of roots (8)
Scrolls
 f - a scroll of immolation
 h - 4 scrolls of amnesia
 j - 2 scrolls of identify
 k - 2 scrolls of enchant armour
 p - 2 scrolls of teleportation
Potions
 d - a potion of might
 e - 3 potions of flight
 n - a potion of invisibility
 q - 2 potions of brilliance


   Skills:
 + Level 5.6 Fighting
 + Level 7.6 Long Blades
 + Level 6.4 Armour
 + Level 2.2 Dodging
 + Level 0.1 Stealth
 + Level 4.9 Shields


You had 6 spell levels left.
You didn't know any spells.
Your spell library contained the following spells:

 Spells                   Type           Power      Damage    Failure   Level
 Magic Dart               Conj           0%         1d3       86%         1
 Searing Ray              Conj           0%         2d4       95%         2
 Dazzling Flash           Conj/Hex       0%         N/A       99%         3
 Volatile Blastmotes      Fire/Tloc      0%         2d10      99%         3
 Fulminant Prism          Conj/Hex       0%         3d5       100%        4
 Iskenderun's Mystic Bla  Conj/Tloc      0%         2d3       100%        4
 Simulacrum               Ice/Necr       0%         N/A       100%        6
 Starburst                Conj/Fire      0%         6d3       100%        6
 Ozocubu's Refrigeration  Ice            0%         4d7       100%        7
 Polar Vortex             Ice            0%         N/A       100%        9


Dungeon Overview and Level Annotations

Branches:
Dungeon (5/15)             Temple (0/1) D:5

Altars:
Dithmenos
Gozag
Makhleb
Wu Jian

Shops:
D:4 =


Innate Abilities, Weirdness & Mutations

You have a pair of horns on your head.
You reflexively headbutt those who attack you in melee.


Message History

The gnoll bouda is moderately wounded.
The gnoll hits you but does no damage.
The gnoll bouda hits you with a +0 club.
* * * LOW HITPOINT WARNING * * *
Unknown command.
You closely miss the gnoll bouda. You headbutt the gnoll bouda.
The gnoll bouda is heavily wounded.
The gnoll completely misses you. The gnoll bouda misses you.
Unknown command.
You closely miss the gnoll bouda.
The gnoll bouda is heavily wounded.
The gnoll hits you from afar with a +0 halberd!
* * * LOW HITPOINT WARNING * * *
The gnoll bouda hits you with a +0 club.
* * * LOW HITPOINT WARNING * * *
Unknown command.
It was a potion of resistance.
You feel protected. The gnoll hits you but does no damage.
The gnoll bouda hits you with a +0 club.
* * * LOW HITPOINT WARNING * * *
The gnoll hits you but does no damage.
Okay, then.
As you read the scroll of teleportation, it crumbles to dust.
You feel strangely unstable.
The gnoll is no longer moving quickly.
The gnoll barely misses you.
The gnoll hits you from afar with a +0 halberd.
* * * LOW HITPOINT WARNING * * *
The gnoll bouda barks out a call to the hunt!
The gnoll picks up the pace!
The gnoll hits you with a +0 whip.
* * * LOW HITPOINT WARNING * * *
Unknown command.
You barely miss the gnoll.
Your attacks no longer feel as feeble.
You block the gnoll's attack. The gnoll hits you but does no damage.
The gnoll bouda gazes fiercely through you!
You feel your attacks grow feeble. You block the gnoll bouda's attack.
The gnoll hits you with a +0 whip.
You die...

.##....####..#
#...........#.###
∩_.....##.......# #......
#....#### ?.#....
#.....##### # #....
#.rg....... ......
###g#.######.### ......
#g#.#........#
#@#.#.######.#
#.gg.......#.#
##########.#.# ... #...#
#### ##§§§# #.#.#
#..###§§§§§## #.###
#########>###§.§..§§## ##.#
#..........#§§§..§§§.###..#
#.#######..§§§..§§.......##


You could see a gnoll bouda, 4 gnolls and a quokka.

Vanquished Creatures
  Sigmund (D:4)
  A water moccasin (D:5)
  An ice beast (D:5)
  A centaur (D:5)
  Blork the orc (D:4)
  2 scorpions
  A howler monkey (D:4)
  A hound (D:5)
  A gnoll bouda (D:4)
  An orc wizard (D:4)
  An iguana (D:5)
  6 gnolls
  5 adders
  An ufetubus (D:4)
  3 worms
  A dart slug (D:4)
  6 orcs
  3 bats
  8 endoplasms
  2 giant cockroaches
  8 goblins
  8 hobgoblins
  8 jackals
  2 quokkas
  9 ball pythons
  4 frilled lizards
  4 kobolds
  5 rats (D:1)
95 creatures vanquished.

Notes
Turn   | Place    | Note
-------+----------+-------------------------------------------
     0 | D:1      | Peloso the Minotaur Fighter began the quest for the Orb.
     0 | D:1      | Reached XP level 1. HP: 19/19 MP: 0/0
   154 | D:1      | Reached XP level 2. HP: 27/27 MP: 1/1
   950 | D:2      | Reached skill level 3 in Long Blades
   950 | D:2      | Reached XP level 3. HP: 33/33 MP: 2/2
  1414 | D:2      | Found a faded altar of an unknown god.
  1705 | D:3      | Found an ornate altar of the Wu Jian Council.
  1705 | D:3      | Found an opulent altar of Gozag.
  1958 | D:3      | Reached XP level 4. HP: 40/40 MP: 3/3
  1973 | D:3      | Identified the ring "Ynomilits" {Ice Int+3}
  2281 | D:4      | Noticed Blork the orc
  2286 | D:4      | Killed Blork the orc
  2287 | D:4      | Reached skill level 4 in Long Blades
  2287 | D:4      | Reached XP level 5. HP: 47/47 MP: 4/4
  2296 | D:4      | Identified the +1 leather armour "Ocsenwez" {rN+ Str-3
                  | Dex+7}
  2300 | D:4      | Identified the +0 scale mail "Xuatahos" {-Cast rF+ Will+
                  | Regen+}
  2421 | D:4      | Reached skill level 5 in Armour
  2454 | D:4      | Found Bolumo's Jewellery Shop.
  2506 | D:4      | Reached skill level 1 in Dodging
  2529 | D:4      | Reached skill level 5 in Long Blades
  2529 | D:4      | Reached XP level 6. HP: 53/53 MP: 5/5
  2622 | D:4      | Noticed Sigmund
  2634 | D:4      | Killed Sigmund
  2661 | D:4      | Reached skill level 6 in Long Blades
  2661 | D:4      | Reached XP level 7. HP: 8/60 MP: 6/6
  2661 | D:4      | HP: 2/60 [poisoned by an orc wizard]
  2662 | D:4      | Reached skill level 5 in Fighting
  3358 | D:5      | Entered Level 5 of the Dungeon
  3415 | D:5      | HP: 3/61 [orc/+0 flail (2)]
  3516 | D:5      | Found a shadowy altar of Dithmenos.
  3543 | D:5      | Reached skill level 7 in Long Blades
  3593 | D:5      | Found a burning altar of Makhleb.
  3594 | D:5      | Found a staircase to the Ecumenical Temple.
  3624 | D:5      | HP: 3/61 [gnoll bouda/+0 club (2)]
  3625 | D:5      | HP: 1/61 [gnoll/+0 whip[a gnoll bouda] (1)]
  3626 | D:5      | Slain by a gnoll

Illustrated notes

Levels and vault maps discovered:
D:1:      dpeg_arrival_tiny_c, layout_rooms, chequers_serial_rivers_large_b,
          chequers_serial_rivers_micro_e, chequers_serial_rivers_micro_e,
          hangedman_decor_points, minmay_heptomino_w4
D:2:      layout_loops_corners, hellmonk_ecumenical_altar_heavens_door
D:3:      layout_loops_ring, gammafunk_temple_overflow_wave
D:4:      layout_basic, minmay_shop_enchanted_jewellery, minmay_vboxes,
          uniq_blork_the_orc, uniq_sigmund
D:5:      layout_basic, makhleb_heckhound_becter,
          nicolae_dithmenos_the_darkroom, minmay_temple_entry_statues_pillars

Skill      XL: |  1  2  3  4  5  6  7 |
---------------+----------------------+-----
Fighting       | 4 5 |  5.6
Armour         | 4 5 6 |  6.4
Long Blades    | 3 4 5 6 7 |  7.6
Shields        | 4 |  4.9
Dodging        | 1 2 |  2.2
Stealth        | |  0.1

Action                     |  1- 3 |  4- 6 |  7- 9 || total
---------------------------+-------+-------+-------++-------
  Melee: Long sword        |   113 |    80 |    92 ||   285
         Headbutt          |    14 |    21 |    17 ||    52
    Use: Scroll            |     2 |     6 |     2 ||    10
         Potion            |     2 |     1 |     2 ||     5
 Armour: Scale mail        |    79 |    26 |    47 ||   152
  Dodge: Dodged            |    68 |    25 |    64 ||   157
  Block: Buckler           |    35 |    16 |    20 ||    71
